 Dungeon Crawl Stone Soup version 0.20-a0-77-g476458c (webtiles) character file.

181 KristoblXynda the Ruffian (level 5, -9/41 HPs)
             Began as a Draconian Skald on Nov 19, 2016.
             Mangled by Blork the orc
             ... wielding a +0 long sword
              (13 damage)
             ... on level 4 of the Dungeon.
             The game lasted 00:05:46 (3200 turns).

KristoblXynda the Ruffian (Draconian Skald)         Turns: 3200, Time: 00:05:47

Health: -9/41      AC:  6    Str: 14    XL:     5   Next: 34%
Magic:  8/8        EV: 12    Int: 14    God:
Gold:   136        SH:  0    Dex: 10    Spells: 1 memorised, 7 levels left

rFire  . . .     SeeInvis .       - Unarmed
rCold  . . .     Gourm    .     (armour unavailable)
rNeg   . . .     Faith    .     (no shield)
rPois  .         Spirit   .     (helmet restricted)
rElec  .         Reflect  .     (no cloak)
rCorr  .         Harm     .     (no gloves)
MR     .....                    k - +0 pair of boots
Stlth  +.........               (no amulet)
                                (no ring)
                                (no ring)

@: infused (expiring), flying
A: unfitting armour, cold-blooded, AC +5
a: no special abilities


You were on level 4 of the Dungeon.
You were not hungry.

You visited 1 branch of the dungeon, and saw 4 of its levels.

You collected 136 gold pieces.

Inventory:

Hand Weapons
 u - a +0 spear of flaming
Armour
 k - a +0 pair of boots (worn)
Jewellery
 l - an uncursed ring of wizardry {unknown}
Scrolls
 c - 4 scrolls of remove curse {unknown}
 d - 6 scrolls of identify {unknown}
 e - 2 scrolls of immolation {unknown}
 f - a scroll of random uselessness {unknown}
 g - a scroll of fog {unknown}
 h - 3 scrolls of teleportation {unknown}
 i - 4 scrolls of enchant armour {unknown}
 o - 2 scrolls of blinking {unknown}
 p - a scroll of magic mapping {unknown}
 s - a scroll of amnesia {unknown}
 t - 2 scrolls of enchant weapon {unknown}
 v - a scroll of fear {unknown}
Potions
 m - a potion of haste {unknown}
Books
 a - a book of Battle

   Spells                             Type                      Level
   a - Infusion                       Charms                       1
   b - Shroud of Golubria             Charms/Translocation         2
   c - Song of Slaying                Charms                       2
   d - Spectral Weapon                Hexes/Charms                 3
   e - Regeneration                   Charms/Necromancy            3
Comestibles
 b - 2 bread rations


   Skills:
 - Level 2.1 Fighting
 + Level 3.0 Dodging
 + Level 3.7 Unarmed Combat
 - Level 2.0 Spellcasting
 + Level 3.7 Charms


You had 7 spell levels left.
You knew the following spells:

 Your Spells              Type           Power        Failure   Level  Hunger
a - Infusion              Chrm           ##..         6%          1    ##.....


Dungeon Overview and Level Annotations

Branches:
Dungeon (4/15)
 Temple: D:4-7

Altars:
Hepliaklqana
Ru
Trog
Xom
Yredelemnul
Zin

Annotations:
D:4 Blork the orc


Innate Abilities, Weirdness & Mutations

Your plain brown scales are hard. (AC +5)
You cannot fit into any form of body armour.
You are cold-blooded and may be slowed by cold attacks.


Message History

* * * LOW HITPOINT WARNING * * *
Something hits you but does no damage.
You bump into the rock wall.
Something hits you.
* * * LOW HITPOINT WARNING * * *
You bump into the rock wall.
You feel less invigorated.
You feel less confused. Something hits you but does no damage.
Something hits you.
* * * LOW HITPOINT WARNING * * *
You hear some strange, mumbled words.
A puff of flame appears from out of thin air!
The puff of flame hits you!
* * * LOW HITPOINT WARNING * * *
Your magical infusion is running out.
It was a potion of flight.
You feel very buoyant.
You fly up into the air.
Something barely misses you.
It was a potion of magic.
Magic courses through your body. Something barely misses you.
Something hits you!
You die...

### #.# ...
######### #.##
#....... ...
#......# #.#
#..###.#####.#
#...........@# ##
##...#.#######
...###.<.>........
.....†.......(..##
##.......######.#
#.###..## #
#.###..##
..[......#
##.###.o.#


There were no monsters in sight!

Vanquished Creatures
  The ghost of Tux the Conjurer, an amateur TeCj (D:3)
  2 adders (D:3)
  An ooze (D:1)
  An adder skeleton (D:4)
  2 worms
  A dart slug (D:1)
  4 leopard geckos
  7 orcs (D:3)
  A ball python (D:1)
  3 giant cockroaches
  2 gnoll zombies (D:2)
  2 goblins
  6 hobgoblins
  4 jackals (D:2)
  9 kobolds
  A quokka (D:3)
  8 bats
  6 frilled lizards
  9 rats
70 creatures vanquished.

Notes
Turn   | Place    | Note
-------+----------+-------------------------------------------
     0 | D:1      | KristoblXynda the Draconian Skald began the quest for the Orb.
     0 | D:1      | Reached XP level 1. HP: 17/17 MP: 3/3
   192 | D:1      | Reached XP level 2. HP: 19/24 MP: 5/5
   533 | D:1      | Reached XP level 3. HP: 29/29 MP: 6/6
   768 | D:2      | Found a faded altar of an unknown god.
   879 | D:2      | Found a bloodstained altar of Trog.
  1049 | D:2      | Found a glowing silver altar of Zin.
  1050 | D:2      | Noticed an angel
  1050 | D:2      | Found a shimmering altar of Xom.
  1109 | D:2      | Found a basalt altar of Yredelemnul.
  1145 | D:2      | Found a hazy altar of Hepliaklqana.
  1696 | D:3      | Reached XP level 4. HP: 26/36 MP: 4/7
  2096 | D:3      | Noticed Tux's ghost (amateur TeCj)
  2117 | D:3      | Killed Tux's ghost
  2117 | D:3      | Reached XP level 5. HP: 24/41 MP: 2/8
  2678 | D:3      | Found a sacrificial altar of Ru.
  3162 | D:4      | Noticed Blork the orc
  3189 | D:4      | HP: 2/41 [something (12)]
  3200 | D:4      | Mangled by Blork the orc

Vault maps used:
D:1:      ncdulo_lavacross
D:2:      grunt_temple_overflow_order_and_chaos_1, lemuel_crystal_altar,
          lemuel_zombie_altar_yredelemnul, old_standard_altar,
          chequers_ecumenical_altar_simple
D:3:      marbit_many_paths
D:4:      kennysheep_slugbush, chequers_temple_overflow_minitemple, first_bread,
          uniq_blork_the_orc

Skill      XL: |  1  2  3  4  5 |
---------------+----------------+-----
Charms         | 3 |  3.7
Dodging        | 2 3 |  3.0
Unarmed Combat | 3 |  3.7
Fighting       | |  2.1
Spellcasting   | |  2.0

Action                   |  1- 3 |  4- 6 || total
-------------------------+-------+-------++-------
Melee: Unarmed           |   196 |   109 ||   305
       Tailslap          |    20 |    14 ||    34
       Punch             |       |     3 ||     3
 Cast: Infusion          |     7 |     5 ||    12
  Use: Potion            |       |     7 ||     7
 Stab: Sleeping          |     2 |     1 ||     3
  Eat: Chunk             |     3 |     2 ||     5
       Beef jerky        |       |     2 ||     2
Armor: Skin              |    63 |    52 ||   115
Dodge: Dodged            |   146 |    93 ||   239
